 Dungeon Crawl Stone Soup version 0.19-a0-1008-g4c63d25 (webtiles) character file.

220132 Implojin the Nimble (level 17, -7/172 HPs)
             Began as a Troll Fighter on July 22, 2016.
             Was an Elder of Okawaru.
             Mangled by a spark wasp (14 damage)
             ... on level 4 of the Depths.
             The game lasted 01:32:00 (10353 turns).

Implojin the Nimble (Troll Fighter)                Turns: 10353, Time: 01:32:01

Health: -7/172     AC: 24    Str: 28    XL:     17   Next: 46%
Magic:  0/21       EV: 20    Int:  4    God:    Okawaru [****..]
Gold:   262        SH: 23    Dex: 14    Spells: 0 memorised, 16 levels left

rFire  + . .     SeeInvis .       - Unarmed
rCold  . . .     Gourm    +     n - +0 swamp dragon armour
rNeg   . . .     Faith    .     W - +2 large shield
rPois  +         Spirit   +     P - +2 hat {Spirit}
rElec  .         Dismiss  .     l - +2 cloak {MR+}
rCorr  .         Reflect  .     (gloves unavailable)
SustAt .         Harm     .     (boots unavailable)
MR     ++...                    D - amulet of magic regeneration
Stlth  +++.......               C - ring of protection from fire
                                q - +4 ring of protection

@: heroism, very slightly contaminated, invisible, very resistant to hostile
enchantments, fairly stealthy
A: unfitting armour, claws 3, fast metabolism 3, gourmand, regeneration 2,
shaggy fur 1, tough skin 2
a: Heroism, Renounce Religion
}: 3/15 runes: decaying, serpentine, abyssal


You were on level 4 of the Depths.
You worshipped Okawaru.
Okawaru was greatly pleased with you.
You were completely stuffed.

You visited 5 branches of the dungeon, and saw 33 of its levels.
You visited the Abyss 1 time.

You collected 262 gold pieces.

Inventory:

Hand Weapons
 E - a +1 hand axe of flaming
Missiles
 b - 3 javelins
 S - 4 throwing nets
 X - 20 large rocks (quivered)
Armour
 l - a +2 cloak of magic resistance (worn)
 n - a +0 swamp dragon armour (worn)
 P - a +2 hat of spirit shield (worn)
 T - a +1 cloak of invisibility
 U - the +2 robe "Huyj" {-Tele rF+++ MR+ Int-4}
   (Okawaru gifted it to you on level 2 of the Snake Pit)

   It affects your intelligence (-4).
   It renders you almost immune to fire.
   It affects your resistance to hostile enchantments.
   It prevents most forms of teleportation.
 W - a +2 large shield (worn)
 Y - a fire dragon hide
Jewellery
 a - an uncursed amulet of regeneration
 g - an uncursed ring of ice
 q - a +4 ring of protection (left claw)
 C - a ring of protection from fire (right claw)
 D - an amulet of magic regeneration (around neck)
 G - an uncursed ring of ice
 K - a +3 ring of protection
 M - an uncursed ring of magical power
Wands
 e - a wand of iceblast (11/15)
 o - a wand of lightning (11/15)
 t - a wand of acid (4/15)
 w - a wand of heal wounds (2/9)
 J - a wand of disintegration (12/24)
Scrolls
 c - a scroll of fog
 f - 3 scrolls of identify
 p - a scroll of recharging
 x - a scroll of enchant armour
 A - 3 scrolls of remove curse
 L - a scroll of torment
 V - a scroll of immolation
 Z - a scroll of amnesia
Potions
 h - a potion of mutation
 i - 2 potions of brilliance
 m - 2 potions of cancellation
 u - 5 potions of curing
 N - a potion of agility {unknown}
 O - a potion of magic
 R - 2 potions of berserk rage
Books
 F - a book of the Dragon

   Spells                             Type                      Level
   a - Flame Tongue                   Conjuration/Fire             1
   b - Cause Fear                     Hexes                        4
   c - Bolt of Fire                   Conjuration/Fire             6
   d - Dragon Form                    Transmutation                7
   e - Dragon's Call                  Summoning                    9
Miscellaneous
 B - a disc of storms
Comestibles
 d - 5 bread rations
 j - 3 meat rations
 k - 2 slices of pizza
 r - 5 chunks of flesh
 I - 2 royal jellies


   Skills:
 - Level 12.0(17.0) Fighting
 * Level 9.8(14.8) Armour
 - Level 14.0(19.0) Dodging
 - Level 7.5(12.5) Stealth
 - Level 10.1(15.1) Shields
 - Level 12.7(17.7) Unarmed Combat
 - Level 7.0 Invocations


You had 16 spell levels left.
You didn't know any spells.

Dungeon Overview and Level Annotations

Branches:
Dungeon (15/15)              Lair (5/6) D:10          Swamp (4/4) Lair:2
  Snake (4/4) Lair:4          Orc (0/2) D:10         Depths (5/5) D:15
 Temple: D:4-7        Slime: Lair:5-6    Vaults: D:13-14        Zot: Depths:5

Altars:
Gozag
Hepliaklqana
Nemelex Xobeh
Okawaru
Pakellas
Uskayaw
The Shining One

Shops:
Snake:2 =}}   Depths:2 }

Portals:
Abyss: Depths:4
Pandemonium: Depths:4

Annotations:
Swamp:3 exclusion: Roxanne, Roxanne


Innate Abilities, Weirdness & Mutations

You are too large for most types of armour.
You have claws for hands.
Your metabolism is lightning-fast.
You like to eat raw meat.
You heal very quickly.
You are covered in fur. (AC +1)
You have very tough skin. (AC +2)


Message History

You kill the spark wasp!
Okawaru accepts your kill. The spark wasp closely misses you.
You scratch the spark wasp but do no damage.
You scratch the spark wasp but do no damage.
The spark wasp stings you!
* * * LOW HITPOINT WARNING * * *
The spark wasp shocks you!
* * * LOW HITPOINT WARNING * * *
Evoke which item? (* to show all) (? for menu, Esc to quit)
Zapping:
w - a wand of heal wounds (4/9)
Press: ? - help, Shift-Dir - straight line, f - you You feel much better.
This wand has 3 charges left.
The spark wasp stings you!
* * * LOW HITPOINT WARNING * * *
The spark wasp shocks you!
* * * LOW HITPOINT WARNING * * *
The spark wasp closely misses you.
Okay, then.
Okay, then.
Evoke which item? (* to show all) (? for menu, Esc to quit)
Zapping:
w - a wand of heal wounds (3/9)
Press: ? - help, Shift-Dir - straight line, f - you You feel much better.
This wand has 2 charges left.
You block the spark wasp's attack.
You fade into invisibility!
You block the spark wasp's attack. x2
You are very lightly contaminated with residual magic.
You scratch the spark wasp but do no damage.
Throwing (i - inventory. (,) - cycle):
X - 21 large rocks (quivered)
Press: ? - help, Shift-Dir - straight line, f - spark wasp
Aim: a spark wasp (hasn't noticed you)
You throw a large rock.
The large rock barely misses the spark wasp.
The spark wasp buzzes angrily.
The spark wasp stings you!!
* * * LOW HITPOINT WARNING * * *
The spark wasp shocks you!
* * * LOW HITPOINT WARNING * * *
The spark wasp stings you!
You die...

.................§..
....................
..G...................
.......................
.......∩................
.........................
......(..................
.......y(...............≈
........@.÷..............
.∩.....)..##.............
......................#
...##.................#
#..#.............=≈...#
#..................≈§.##.
..<............§..≈§....
##.#...........≈§........
####..........§§.......#


You could see a great orb of eyes and a spark wasp.

Vanquished Creatures
  Nikola (Swamp:1)
  2 bone dragons (Abyss:3)
  A Hell Sentinel (Abyss:3)
  5 tentacled starspawn
  Frances (Snake:1)
  Gastronok (D:8)
  3 thorn hunters
  A revenant (Abyss:1)
  7 greater nagas
  A fire giant (Depths:1)
  2 frost giants
  9 very ugly things
  5 stone giants
  A vampire knight (Depths:1)
  A yellow draconian (Abyss:3)
  A spark wasp (Depths:4)
  The ghost of Implojin the Grappler, a journeyman MiFi of Okawaru (Swamp:3)
  Snorg (D:13)
  2 fire dragons
  Josephine (Swamp:1)
  A rakshasa (Abyss:1)
  A yaktaur captain (Depths:3)
  9 naga warriors
  3 centaur warriors
  16 hydras
  A ghost crab (Swamp:3)
  8 anacondas
  5 alligators
  A deep troll earth mage (Depths:1)
  A titan zombie (D:15)
  A vampire mage (D:15)
  2 deep troll shamans
  2 spriggan berserkers (Swamp:4)
  7 thrashing horrors
  8 naga sharpshooters
  2 shock serpents
  6 iron trolls
  5 hell knights (Abyss:2)
  2 salamander mystics
  A skeletal warrior (D:15)
  Nergalle (D:12)
  3 wretched stars
  An unseen horror (Abyss:1)
  4 naga ritualists
  3 deep trolls
  6 swamp dragons (Swamp:4)
  2 giant orange brains
  The ghost of Implojin the Basher, a novice MiFi (D:7)
  2 necromancers
  Pikel (D:8)
  A hill giant (D:10)
  4 mana vipers
  3 ugly things
  7 salamanders
  A worldbinder (Abyss:2)
  A hornet (Swamp:2)
  A cyclops (D:14)
  A manticore (D:11)
  A frost giant zombie (D:15)
  12 black mambas
  18 naga magi
  2 smoke demons
  Joseph (D:7)
  The ghost of Implojin the Grappler, a novice MiFi of Cheibriados (D:9)
  3 spiny frogs (Swamp:1)
  6 yaktaurs
  2 orange demons (Abyss:2)
  2 rime drakes (Lair:4)
  A tormentor (Abyss:2)
  An efreet (Abyss:3)
  A freezing wraith (Abyss:3)
  8 komodo dragons
  A kobold demonologist (D:14)
  A troll (D:13)
  A hellwing (Abyss:1)
  An ancient zyme (Abyss:2)
  A guardian mummy (D:15)
  3 ice devils
  A hydra zombie (Abyss:2)
  A red devil (Abyss:3)
  A golden dragon simulacrum (Abyss:2)
  2 giant leeches (Swamp:1)
  A polar bear (Lair:3)
  3 tengu conjurers (Depths:1)
  A two-headed ogre (D:9)
  5 bog bodies
  A raiju (Abyss:3)
  3 blink frogs
  7 slime creatures
  7 wraiths
  2 spriggans
  A chaos spawn (Abyss:3)
  An ice dragon skeleton (D:15)
  2 ynoxinuls
  A fire elemental (Depths:3)
  3 yaks (D:11)
  A hungry ghost (D:10)
  Grum (D:8)
  A steam dragon (Lair:4)
  3 hippogriffs
  2 neqoxecs
  17 vampire mosquitoes
  An insubstantial wisp (Abyss:2)
  A soldier ant (shapeshifter) (Depths:1)
  7 large abominations
  25 nagas
  4 water moccasins
  8 swamp worms
  A tengu skeleton (D:15)
  4 porcupines
  An ice beast (D:9)
  13 swamp drakes
  A necrophage (D:7)
  An eye of draining (Abyss:3)
  A sky beast (D:8)
  A phantom (D:9)
  3 slaves (D:8)
  7 starcursed masses (Abyss:1)
  5 ogres
  4 wasps
  A centaur (D:9)
  4 wolves
  5 small abominations
  A big kobold (D:14)
  4 giant frogs
  A scorpion (D:8)
  9 killer bees
  4 wights
  9 howler monkeys
  3 crimson imps
  3 jellies
  A quasit (Abyss:1)
  A centaur zombie (D:8)
  2 hounds
  2 iron imps
  A centaur skeleton (D:8)
  A giant frog skeleton (D:9)
  6 orc priests
  5 orc wizards
  2 iguanas
  Natasha (D:2)
  4 worker ants
  A killer bee zombie (D:9)
  2 hound zombies
  A worker ant zombie (D:9)
  2 adders
  4 river rats
  2 shadow imps
  A white imp (Abyss:1)
  3 ufetubi
  2 adder skeletons
  2 worms
  A giant gecko (D:7)
  12 orcs
  3 giant cockroaches
  2 goblins (D:2)
  4 hobgoblins
  6 jackals
  3 kobolds
  A quokka (D:4)
  A ball python (D:4)
  A bat (D:2)
  2 giant newts
  2 goblin skeletons (D:7)
  A hobgoblin zombie (D:7)
  2 kobold skeletons (D:7)
  An orc skeleton (D:7)
  An orc zombie (D:7)
  A quokka zombie (D:5)
  A rat (D:2)
  2 briar patches (Swamp:1)
532 creatures vanquished.

Vanquished Creatures (collateral kills)
  A thrashing horror (Abyss:3)
  A wight (D:10)
2 creatures vanquished.

Vanquished Creatures (others)
  A necromancer (Abyss:2)
  A guardian serpent (Snake:3)
  A plant (Depths:3)
  14 starspawn tentacles
  171 starspawn tentacle segments
188 creatures vanquished.

Grand Total: 722 creatures vanquished

Notes
Turn   | Place    | Note
-------+----------+-------------------------------------------
     0 | D:1      | Implojin the Troll Fighter began the quest for the Orb.
     0 | D:1      | Reached XP level 1. HP: 22/22 MP: 0/0
    38 | D:2      | Found a hide-covered altar of Uskayaw.
    97 | D:2      | Reached XP level 2. HP: 24/29 MP: 1/1
   117 | D:2      | Noticed Natasha
   122 | D:2      | Killed Natasha
   122 | D:2      | Reached skill level 3 in Unarmed Combat
   122 | D:2      | Reached XP level 3. HP: 19/36 MP: 2/2
   144 | D:2      | Found a sparkling altar of Nemelex Xobeh.
   169 | D:2      | Found an oddly glowing altar of Pakellas.
   268 | D:3      | Reached skill level 4 in Unarmed Combat
   348 | D:4      | Reached XP level 4. HP: 27/44 MP: 3/3
   368 | D:4      | Reached skill level 5 in Unarmed Combat
   467 | D:4      | Found a sparkling altar of Nemelex Xobeh.
   469 | D:4      | Found a hazy altar of Hepliaklqana.
   472 | D:4      | Found an iron altar of Okawaru.
   480 | D:4      | Became a worshipper of Warmaster Okawaru
   498 | D:5      | Entered Level 5 of the Dungeon
   537 | D:7      | Noticed Joseph
   554 | D:7      | Killed Joseph
   554 | D:7      | Reached * piety under Okawaru
   554 | D:7      | Reached skill level 7 in Unarmed Combat
   554 | D:7      | Reached XP level 5. HP: 9/50 MP: 4/4
   554 | D:7      | Reached XP level 6. HP: 11/59 MP: 5/5
   567 | D:7      | Found a glowing golden altar of the Shining One.
   586 | D:7      | Noticed Implojin's ghost (novice MiFi)
   591 | D:7      | Reached XP level 7. HP: 36/66 MP: 3/6
   597 | D:7      | Killed Implojin's ghost
   597 | D:7      | Reached ** piety under Okawaru
   597 | D:7      | Reached skill level 9 in Unarmed Combat
   597 | D:7      | Reached XP level 8. HP: 29/74 MP: 3/7
   677 | D:7      | Reached skill level 10 in Unarmed Combat
   695 | D:8      | Noticed Pikel
   744 | D:8      | Reached skill level 1 in Invocations
   750 | D:8      | Reached skill level 2 in Invocations
   755 | D:8      | Reached skill level 3 in Invocations
   806 | D:8      | Killed Pikel
   806 | D:8      | Reached *** piety under Okawaru
   806 | D:8      | Reached skill level 5 in Invocations
   806 | D:8      | Reached XP level 9. HP: 28/80 MP: 4/12
   858 | D:8      | Got a silken robe
   869 | D:8      | Noticed Grum
   876 | D:9      | Reached skill level 6 in Invocations
   887 | D:9      | Reached skill level 7 in Invocations
   971 | D:8      | Reached skill level 11 in Unarmed Combat
   992 | D:8      | Killed Grum
  1012 | D:8      | Noticed Gastronok
  1015 | D:8      | Identified the +1 robe of Zudede {rPois} (You found it on level 8 of the Dungeon)
  1041 | D:8      | Killed Gastronok
  1041 | D:8      | Reached **** piety under Okawaru
  1041 | D:8      | Reached ***** piety under Okawaru
  1041 | D:8      | Received a gift from Okawaru
  1041 | D:8      | Reached skill level 12 in Unarmed Combat
  1041 | D:8      | Reached XP level 10. HP: 37/88 MP: 14/14
  1110 | D:10     | Entered Level 10 of the Dungeon
  1112 | D:10     | Found a staircase to the Orcish Mines.
  1156 | D:10     | Reached skill level 3 in Fighting
  1194 | D:9      | Noticed Implojin's ghost (novice MiFi)
  1208 | D:9      | Killed Implojin's ghost
  1215 | D:9      | Reached skill level 4 in Fighting
  1291 | D:10     | Identified a scroll of acquirement
  1414 | D:11     | Reached skill level 5 in Fighting
  1439 | D:11     | Noticed a manticore
  1446 | D:11     | Killed a manticore
  1446 | D:11     | Reached skill level 6 in Fighting
  1978 | D:10     | Noticed a hill giant
  1985 | D:10     | Killed a hill giant
  1985 | D:10     | Reached skill level 7 in Fighting
  2003 | D:10     | Reached XP level 11. HP: 109/109 MP: 15/15
  2174 | D:8      | Found an opulent altar of Gozag.
  2490 | D:10     | Found a staircase to the Lair.
  2564 | D:13     | Noticed Snorg
  2572 | D:13     | Killed Snorg
  2572 | D:13     | Reached skill level 8 in Fighting
  2579 | D:12     | Noticed Nergalle
  2588 | D:12     | Killed Nergalle
  2729 | Lair:1   | Entered Level 1 of the Lair of Beasts
  2900 | Lair:3   | Reached skill level 9 in Fighting
  3143 | Lair:4   | Reached skill level 10 in Fighting
  3160 | Lair:4   | Found a frozen archway.
  3249 | Lair:4   | Found a labyrinth entrance.
  3312 | Lair:4   | Found a staircase to the Snake Pit.
  3318 | Snake:1  | Entered Level 1 of the Snake Pit
  3318 | Snake:1  | Noticed a salamander mystic
  3328 | Snake:1  | Killed a salamander mystic
  3339 | Snake:1  | Reached skill level 11 in Fighting
  3370 | Snake:1  | Noticed an anaconda
  3371 | Snake:1  | Noticed a mana viper
  3380 | Snake:1  | Killed an anaconda
  3380 | Snake:1  | Received a gift from Okawaru
  3380 | Snake:1  | Reached XP level 12. HP: 30/130 MP: 9/16
  3424 | Snake:1  | Noticed an anaconda
  3427 | Snake:1  | Noticed an anaconda
  3436 | Snake:1  | Killed an anaconda
  3444 | Snake:1  | Killed an anaconda
  3498 | Snake:1  | Noticed Frances
  3570 | Snake:1  | Reached skill level 12 in Fighting
  3596 | Snake:1  | Noticed a naga warrior
  3603 | Snake:1  | Noticed a naga warrior
  3621 | Snake:1  | Killed a naga warrior
  3621 | Snake:1  | Reached skill level 3 in Shields
  3629 | Snake:1  | Killed a naga warrior
  3629 | Snake:1  | Reached skill level 4 in Shields
  3650 | Snake:1  | Noticed an anaconda
  3660 | Snake:1  | Killed an anaconda
  3696 | Snake:1  | Killed Frances
  3696 | Snake:1  | Reached skill level 5 in Shields
  3799 | Snake:1  | Reached skill level 3 in Dodging
  3835 | Snake:2  | Found Xopinem's Jewellery Shop.
  3835 | Snake:2  | Found Diucs's Gadget Emporium.
  3836 | Snake:2  | Found Notoesk's Gadget Emporium.
  3861 | Snake:2  | Noticed a greater naga
  3870 | Snake:2  | Received a gift from Okawaru
  3870 | Snake:2  | Reached skill level 4 in Dodging
  3882 | Snake:2  | Killed a greater naga
  3901 | Snake:2  | Reached skill level 5 in Dodging
  3901 | Snake:2  | Reached XP level 13. HP: 66/140 MP: 5/17
  3953 | Snake:2  | Noticed a greater naga
  3968 | Snake:2  | Killed a greater naga
  3968 | Snake:2  | Reached skill level 6 in Dodging
  3996 | Snake:2  | Got a faintly glowing robe {god gift}
  4051 | Snake:2  | Identified the +2 robe "Huyj" {-Tele rF+++ MR+ Int-4} (Okawaru gifted it to you on level 2 of the Snake Pit)
  4051 | Snake:2  | Lost intelligence.
  4128 | Snake:3  | Reached skill level 7 in Dodging
  4205 | Snake:3  | HP: 5/140 [anaconda (11)]
  4270 | Snake:3  | Reached skill level 8 in Dodging
  4331 | Snake:3  | Reached skill level 9 in Dodging
  4387 | Snake:4  | Entered Level 4 of the Snake Pit
  4504 | Snake:4  | Received a gift from Okawaru
  4551 | Snake:4  | Reached skill level 10 in Dodging
  4612 | Snake:4  | Noticed a greater naga
  4632 | Snake:4  | Killed a greater naga
  4633 | Snake:4  | Noticed a greater naga
  4635 | Snake:4  | Noticed a greater naga
  4641 | Snake:4  | Reached XP level 14. HP: 95/149 MP: 12/18
  4740 | Snake:4  | Killed a greater naga
  4740 | Snake:4  | Reached skill level 11 in Dodging
  4747 | Snake:4  | Received a gift from Okawaru
  4816 | Snake:4  | Killed a greater naga
  4867 | Snake:4  | Noticed a greater naga
  4882 | Snake:4  | Killed a greater naga
  4882 | Snake:4  | Reached skill level 12 in Dodging
  4950 | Snake:4  | Received a gift from Okawaru
  5017 | Snake:4  | Noticed a greater naga
  5028 | Snake:4  | Killed a greater naga
  5074 | Snake:4  | Noticed a greater naga
  5077 | Snake:4  | Got a serpentine rune of Zot
  5080 | Snake:4  | Noticed a greater naga
  5248 | Lair:4   | Reached skill level 6 in Shields
  5526 | Lair:2   | Found a staircase to the Swamp.
  5535 | Swamp:1  | Entered Level 1 of the Swamp
  5559 | Swamp:1  | Noticed Nikola
  5612 | Swamp:1  | Noticed a thorn hunter
  5625 | Swamp:1  | Killed a thorn hunter
  5630 | Swamp:1  | Reached skill level 7 in Shields
  5665 | Swamp:1  | Noticed Josephine
  5706 | Swamp:1  | Killed Josephine
  5755 | Swamp:1  | Killed Nikola
  5755 | Swamp:1  | Reached skill level 8 in Shields
  6018 | Swamp:2  | Reached XP level 15. HP: 153/156 MP: 16/19
  6094 | Swamp:3  | Noticed Implojin's ghost (journeyman MiFi)
  6111 | Swamp:3  | Killed Implojin's ghost
  6111 | Swamp:3  | Reached skill level 9 in Shields
  6164 | Swamp:3  | Noticed a thorn hunter
  6181 | Swamp:3  | Killed a thorn hunter
  6202 | Swamp:4  | Entered Level 4 of the Swamp
  6420 | Swamp:3  | Noticed Roxanne
  6513 | Swamp:4  | Noticed a thorn hunter
  6524 | Swamp:3  | Killed a thorn hunter
  6524 | Swamp:3  | Reached skill level 10 in Shields
  6657 | Swamp:4  | Reached skill level 13 in Dodging
  6829 | Swamp:4  | Received a gift from Okawaru
  7099 | Swamp:4  | Reached skill level 14 in Dodging
  7152 | Swamp:4  | Got a decaying rune of Zot
  7289 | Swamp:1  | Reached skill level 1 in Armour
  7502 | D:14     | Reached skill level 2 in Armour
  7554 | D:14     | Reached skill level 1 in Stealth
  7589 | D:15     | Entered Level 15 of the Dungeon
  7620 | D:15     | Found a staircase to the Depths.
  7638 | D:15     | Reached skill level 2 in Stealth
  7666 | Depths:1 | Entered Level 1 of the Depths
  7670 | Depths:1 | Noticed a fire giant
  7679 | Depths:1 | Killed a fire giant
  7762 | D:15     | Reached skill level 3 in Armour
  7762 | D:15     | Reached XP level 16. HP: 102/165 MP: 13/20
  7860 | Depths:1 | Reached skill level 3 in Stealth
  8044 | Depths:1 | Reached skill level 4 in Armour
  8068 | Depths:1 | Reached skill level 4 in Stealth
  8287 | Depths:2 | Found Joerenam's Gadget Boutique.
  8326 | Depths:3 | Reached skill level 5 in Armour
  8424 | Depths:3 | Reached skill level 5 in Stealth
  8512 | Depths:3 | Reached skill level 6 in Armour
  8596 | Depths:4 | Found a one-way gate to the infinite horrors of the Abyss.
  8660 | Depths:4 | Found a one-way gate leading to the halls of Pandemonium.
  8681 | Depths:4 | Voluntarily entered the Abyss.
  8750 | Abyss:1  | Reached skill level 6 in Stealth
  8753 | Abyss:1  | Found a blossoming altar of Fedhas.
  8871 | Abyss:1  | Noticed a tentacled starspawn
  8882 | Abyss:1  | Killed a tentacled starspawn
  9192 | Abyss:2  | Reached skill level 7 in Armour
  9203 | Abyss:2  | Found a corrupted altar of Lugonu.
  9240 | Abyss:2  | Lost intelligence.
  9286 | Abyss:2  | Received a gift from Okawaru
  9403 | Abyss:2  | Noticed a tentacled starspawn
  9481 | Abyss:2  | Noticed a tentacled starspawn
  9498 | Abyss:2  | Killed a tentacled starspawn
  9498 | Abyss:2  | Reached XP level 17. HP: 101/120 MP: 9/16
  9503 | Abyss:2  | Reached skill level 8 in Armour
  9734 | Abyss:3  | Found a shimmering altar of Xom.
  9734 | Abyss:3  | Found a shimmering altar of Xom.
  9734 | Abyss:3  | Found a shimmering altar of Xom.
  9735 | Abyss:3  | Found a shimmering altar of Xom.
  9735 | Abyss:3  | Found a shimmering altar of Xom.
  9736 | Abyss:3  | Found a shimmering altar of Xom.
  9736 | Abyss:3  | Found a corrupted altar of Lugonu.
  9736 | Abyss:3  | Found a shimmering altar of Xom.
  9739 | Abyss:3  | Found a shimmering altar of Xom.
  9739 | Abyss:3  | Found a shimmering altar of Xom.
  9740 | Abyss:3  | Found a shimmering altar of Xom.
  9740 | Abyss:3  | Found a shimmering altar of Xom.
  9740 | Abyss:3  | Found a shimmering altar of Xom.
  9741 | Abyss:3  | Found a shimmering altar of Xom.
  9742 | Abyss:3  | Found a shimmering altar of Xom.
  9794 | Abyss:3  | Found a corrupted altar of Lugonu.
  9808 | Abyss:3  | Reached skill level 7 in Stealth
  9818 | Abyss:3  | Got an abyssal rune of Zot
  9951 | Abyss:3  | Noticed a Hell Sentinel
  9970 | Abyss:3  | Killed a Hell Sentinel
  9970 | Abyss:3  | Reached skill level 9 in Armour
 10009 | Abyss:3  | out pls
 10044 | Abyss:3  | :lucy
 10125 | Abyss:3  | Noticed a bone dragon
 10149 | Abyss:3  | Killed a bone dragon
 10167 | Abyss:3  | Noticed a bone dragon
 10180 | Abyss:3  | Killed a bone dragon
 10184 | Abyss:3  | Noticed a bone dragon
 10201 | Abyss:4  | Found a corrupted altar of Lugonu.
 10301 | Depths:4 | Escaped the Abyss
 10307 | Depths:5 | Entered Level 5 of the Depths
 10348 | Depths:4 | HP: 6/172 [spark wasp (11)]
 10353 | Depths:4 | HP: 7/172 [spark wasp (11)]
 10353 | Depths:4 | Mangled by a spark wasp

Vault maps used:
D:1:      erik_arrival_blinker_ship, minmay_cupped
D:2:      lemuel_doored_altar, eat_drink_and_be_merry_uskayaw,
          nemelex_diamond_rough_becter, uniq_natasha
D:3:      ashenzari_altar_1, lemuel_round_altar, ecumenical_altar_2, uniq_robin
D:4:      lemuel_coloured_pillars_altar, grunt_temple_overflow_open,
          serial_forest, infiniplex_forest_straight_2,
          infiniplex_forest_clump_cross, infiniplex_forest_straight_3,
          infiniplex_forest_clump_double, infiniplex_forest_end_3,
          infiniplex_forest_lined_3_way, infiniplex_forest_straight_2,
          infiniplex_forest_clump_long, moated_statue
D:5:      nicolae_overflow_hidden_temple, first_bread
D:6:      led_sif_pool, tgw_xom, tgw_fedhas, uniq_edmund, uniq_duvessa
D:7:      nicolae_tso_besieged_by_evil, serial_shops, shop, uniq_menkaure,
          uniq_joseph
D:8:      grunt_gozag_statues, uniq_grum, uniq_gastronok, uniq_maurice,
          uniq_pikel
D:10:     lair_0_dummy, orc_0_dummy
D:12:     uniq_nergalle
D:13:     david_vaults_1, the_bakery, uniq_snorg, uniq_urug
D:14:     grunt_decor_fettered, minmay_statues_item
D:15:     gammafunk_depths_entry_grave, serial_shops, shop_statue,
          serial_bayou_pond_e, basic_altar, uniq_sonja
Lair:2:   swamp_mist
Lair:3:   grunt_forest_small_clearing_treed, grunt_megastairs_5
Lair:4:   dummy_snake_entry, portal_ice_cave_demonic_guard, lab_entry_generic,
          bobbens_dragon_lair_wall
Lair:5:   beast_lair_carwin_2
Swamp:1:  evilmike_swamp_ruin_house_1, uniq_nikola, uniq_josephine, uniq_louise
Swamp:2:  nicolae_swamp_treefoil, swamp_pool1, hangedman_swamp_muck,
          infiniplex_staircase_pool
Swamp:3:  hangedman_swamp_lotus, uniq_roxanne
Swamp:4:  swamp_basic_johnstein
Snake:1:  uniq_frances
Snake:2:  minmay_shop_grove
Snake:3:  serial_shops, freezing_bzr, st_stairs_5, nrook_loot_triangle,
          grunt_ministairs_14, nrook_guardian_serpent_double
Snake:4:  snake_pit
Depths:1: enter_trove_3, nrook_mini_vaults, hell_entry, dk_noncrumbling_3,
          st_stairs_14, lemuel_flamethrower_3, uniq_mara
Depths:2: minmay_smoke_and_mirrors, abyss_entry, grunt_hell_entry_dis_grunt,
          serial_shops, shop_coins, shop, nicolae_shop_crystal,
          infiniplex_staircase_pool_2, uniq_aizul, uniq_sojobo
Depths:3: cheibrodos_lost_city_excavation, rand_demon_pan_entry_5, hell_entry,
          kennysheep_boxes, minmay_three_doors, serial_bayou_shore_b,
          uniq_saint_roka
Depths:4: kennysheep_ambush_hall, enter_ziggurat_f, hell_entry, serial_shops,
          kennysheep_mini_moat, shop, kennysheep_little_box, pan_entry,
          infiniplex_staircase_pillars_3b, abyss_entry, kennysheep_potato,
          uniq_mennas
Depths:5: evilmike_zot_entry_argh, grunt_mini_vestibule, old_standard_altar,
          nicolae_twisting_strands, serial_bayou_shore_b
Abyss:2:  hangedman_abyss_batty_box, minivault_27, serial_sigils_hangedman_gut
Abyss:3:  evilmike_nicolae_abyss_rune_betentacled_crabyss

Skill      XL: |  1  2  3  4  5  6  7  8  9 10 11 12 13 14 15 16 17 |
---------------+----------------------------------------------------+-----
Unarmed Combat | 3 4 7 9 10 12 | 12.7
Invocations    | 5 7 |  7.0
Fighting       | 7 11 12 | 12.0
Shields        | 5 8 10 | 10.1
Dodging        | 5 10 12 14 | 14.0
Armour         | 3 7 9 |  9.8
Stealth        | 2 6 7 |  7.5

Action                   |  1- 3 |  4- 6 |  7- 9 | 10-12 | 13-15 | 16-18 || total
-------------------------+-------+-------+-------+-------+-------+-------++-------
Melee: Unarmed           |    59 |    40 |   141 |   382 |   892 |   677 ||  2191
       Hand axe          |       |       |       |       |   101 |       ||   101
Throw: Tomahawk          |       |       |     3 |       |     4 |       ||     7
       Large rock        |       |       |       |       |       |     3 ||     3
Invok: Heroism           |       |     1 |    12 |    33 |    49 |    39 ||   134
       Finesse           |       |       |       |     5 |    20 |     8 ||    33
Evoke: Wand              |       |       |       |       |     4 |     5 ||     9
  Use: Potion            |       |     1 |     4 |       |     8 |     1 ||    14
       Scroll            |       |       |     4 |    20 |    19 |     6 ||    49
 Stab: Invisible         |       |       |     1 |       |       |       ||     1
       Sleeping          |       |       |       |     2 |       |       ||     2
       Distracted        |       |       |       |       |       |     1 ||     1
  Eat: Chunk             |     8 |     1 |     5 |    25 |    20 |     8 ||    67
       Meat ration       |       |       |       |       |     4 |     4 ||     8
Armor: Robe              |    14 |     4 |    12 |    87 |   128 |       ||   245
       Skin              |       |       |       |       |     2 |       ||     2
       Swamp dragon armo |       |       |       |       |    41 |   121 ||   162
Dodge: Dodged            |    12 |     9 |    64 |   123 |   355 |   238 ||   801
Block: Shield            |    33 |    21 |    64 |   173 |   119 |       ||   410
       Large shield      |       |       |       |       |   638 |   620 ||  1258

Table legend:
 A = Turns spent in this place as a percentage of turns spent in the entire game.
 B = Non-inter-level travel turns spent in this place as a percentage of non-inter-level travel turns spent in the entire game.
 C = Inter-level travel turns spent in this place as a percentage of turns spent in this place.
 D = Turns resting spent in this place as a percentage of non-inter-level travel turns spent in this place.
 E = Turns spent auto-exploring this place as a percentage of non-inter-level travel turns spent in this place.
 F = Non-inter-level travel turns spent in this place divided by the number of levels of this place that you've seen.
                   A       B       C       D       E      F
               +-------+-------+-------+-------+-------+----------------------
         Total | 100.0 | 100.0 |   0.0 |   0.2 |   0.0 | 299.0
       Dungeon |  28.6 |  28.6 |   0.0 |   0.3 |   0.0 | 210.7
          Lair |   8.9 |   8.9 |   0.0 |   0.0 |   0.0 | 197.8
         Swamp |  18.5 |  18.5 |   0.0 |   0.0 |   0.0 | 513.0
     Snake Pit |  18.6 |  18.6 |   0.0 |   0.3 |   0.0 | 515.5
        Depths |   8.9 |   8.9 |   0.0 |   0.2 |   0.0 | 196.4
         Abyss |  16.4 |  16.4 |   0.0 |   0.3 |   0.0 | 454.8
               +-------+-------+-------+-------+-------+----------------------

Table legend:
 A = Kills in this place as a percentage of kills in entire the game.
 B = Kills by you in this place as a percentage of kills by you in the entire game.
 C = Kills by friends in this place as a percentage of kills by friends in the entire game.
 D = Other kills in this place as a percentage of other kills in the entire game.
 E = Experience gained in this place as a percentage of experience gained in the entire game.
 F = Experience gained in this place divided by the number of levels of this place that you have seen.
                   A       B       C       D       E      F
               +-------+-------+-------+-------+-------+----------------------
         Total | 100.0 | 100.0 | 100.0 | 100.0 | 100.0 | 6765.7
       Dungeon |  29.6 |  29.6 |  50.0 |   0.0 |   9.2 | 1535.7
          Lair |   5.5 |   5.5 |   0.0 |   0.0 |   2.7 | 1343.2
         Swamp |  20.0 |  20.1 |   0.0 |   0.0 |  22.0 | 13761.8
     Snake Pit |  19.8 |  19.9 |   0.0 |   0.0 |  26.7 | 16694.8
        Depths |   9.1 |   9.1 |   0.0 |   0.0 |  17.9 | 8980.2
         Abyss |  16.0 |  15.7 |  50.0 | 100.0 |  21.5 | 13463.2
               +-------+-------+-------+-------+-------+----------------------
